 Dungeon Crawl Stone Soup version 0.31.0-11-ge490571c62 (webtiles) character file.

Game seed: 13467380332400630788

280 FinalFate the Cudgeller (level 6, 0/56 HPs)
             Began as a Minotaur Berserker on Feb 9, 2024.
             Was a Believer of Trog.
             Succumbed to a scorpion's poison
             ... on level 5 of the Dungeon.
             The game lasted 00:03:13 (1714 turns).

FinalFate the Cudgeller (Minotaur Berserker)        Turns: 1714, Time: 00:03:14

Health: 0/56       AC: 13    Str: 24    XL:     6   Next: 5%
Magic:  5/5        EV:  7    Int:  4    God:    Trog [**....]
Gold:   129        SH:  0    Dex:  9    Spells: 5/5 levels left

rFire   . . .        a - +0 mace
rCold   . . .        (no shield)
rNeg    . . .        g - +0 plate armour
rPois   .            (helmet restricted)
rElec   .            (no cloak)
rCorr   .            (no gloves)
SInv    .            d - +0 pair of boots
Will    .....        (no amulet) Stlth
                     (no ring)
HPRegen 0.29/turn    (no ring)
MPRegen 0.09/turn

%: no passive effects
@: lethally poisoned (0 -> -14)
A: horns 2, retaliatory headbutt
a: Renounce Religion, Berserk, Trog's Hand


You were on level 5 of the Dungeon.
You worshipped Trog.
Trog was pleased with you.
You visited 1 branch of the dungeon, and saw 4 of its levels.

You collected 129 gold pieces.

Inventory:

Hand Weapons
 a - a +0 mace (weapon)
 e - a +0 whip
Armour
 b - a +0 animal skin
 d - a +0 pair of boots (worn)
 g - a +0 plate armour (worn)
Jewellery
 i - a +4 ring of protection
Wands
 o - a wand of charming (10)
Scrolls
 f - a scroll of fog {unknown}
 j - 3 scrolls of fear {unknown}
 k - a scroll of immolation {unknown}
 l - 2 scrolls of enchant armour {unknown}
 n - a scroll of enchant weapon {unknown}
Potions
 c - a potion of attraction {unknown}
 h - a potion of might {unknown}
 m - a potion of brilliance {unknown}
 p - a potion of lignification {unknown}
 q - a potion of curing {unknown}


   Skills:
 * Level 5.0 Fighting
 * Level 6.0 Maces & Flails
 * Level 4.2 Armour
 * Level 3.1 Dodging


You had 5 spell levels left.
You didn't know any spells.
Your spell library was empty.

Dungeon Overview and Level Annotations

Branches:
Dungeon (5/15)
 Temple: D:4-7

Altars:
Gozag

Shops:
D:1 [   D:2 [

Annotations:
D:5 1 runed translucent door


Innate Abilities, Weirdness & Mutations

You have a pair of horns on your head.
You reflexively headbutt those who attack you in melee.


Message History

You feel very sick.
The orc hits you but does no damage. x2; The orc closely misses you.
The scorpion stings you.
You are more poisoned.
The scorpion poisons you!
You are too injured to fight recklessly!
Unknown command.
You are too injured to fight recklessly!
You are too injured to fight recklessly!
You are too injured to fight recklessly!
You are too injured to fight recklessly!
You are too injured to fight recklessly!
You are too injured to fight recklessly!
You feel very sick.
You feel very sick. The orc barely misses you.
You hit the scorpion.
The scorpion is severely wounded.
You feel very sick.
The scorpion stings you but does no damage.
The orc completely misses you. The scorpion stings you.
* * * LOW HITPOINT WARNING * * *
You are lethally poisoned!
The scorpion poisons you!
You hit the scorpion but do no damage.
The scorpion is severely wounded.
* * * LOW HITPOINT WARNING * * *
You feel very sick.
The scorpion stings you but does no damage.
Unknown command.
You barely miss the scorpion. Your headbutt misses the scorpion.
The scorpion is severely wounded.
* * * LOW HITPOINT WARNING * * *
You feel very sick.
The scorpion stings you but does no damage.
The orc hits you but does no damage.
You closely miss the scorpion. You headbutt the scorpion.
You kill the scorpion!
Trog accepts your kill.
You die...

.....#.......#
###....####.#
.............#
########.#####
#.### #
#...####
#.#####....##
............#
.....ho@##..#
......o.# ..#
+####..o# .#
~~ #..........
. #........#.
#........#
#......#.#
#....... $.
#......#. .


You could see a hound and 3 orcs.

Vanquished Creatures
  Sigmund (D:3)
  A scorpion (D:5)
  A bombardier beetle (D:3)
  A gnoll (D:1)
  4 adders (D:2)
  A ribbon worm (D:3)
  5 endoplasms
  2 giant cockroaches
  A goblin (D:3)
  4 hobgoblins
  3 jackals (D:3)
  3 quokkas
  7 ball pythons
  4 bats
  A frilled lizard (D:1)
  A kobold (D:2)
  A rat (D:1)
41 creatures vanquished.

Notes
Turn   | Place    | Note
-------+----------+-------------------------------------------
     0 | D:1      | FinalFate the Minotaur Berserker began the quest for the
                  | Orb.
     0 | D:1      | Reached XP level 1. HP: 19/19 MP: 0/0
    44 | D:1      | Reached skill level 4 in Maces & Flails
    44 | D:1      | Reached XP level 2. HP: 27/27 MP: 1/1
   254 | D:1      | Found Homarch's Armour Shoppe.
   594 | D:2      | Found Xaniddye's Armour Shoppe.
   694 | D:2      | Reached XP level 3. HP: 33/33 MP: 2/2
   707 | D:2      | Reached ** piety under Trog
   742 | D:2      | Identified the +6 leather armour of the Five Thickets {Fly
                  | rF- rN+ Str+3}
   914 | D:2      | Reached XP level 4. HP: 35/41 MP: 3/3
  1406 | D:3      | Noticed Sigmund
  1415 | D:3      | Killed Sigmund
  1416 | D:3      | Reached skill level 5 in Fighting
  1416 | D:3      | Reached skill level 5 in Maces & Flails
  1416 | D:3      | Reached XP level 5. HP: 39/48 MP: 4/4
  1542 | D:3      | Found an opulent altar of Gozag.
  1562 | D:3      | Reached skill level 6 in Maces & Flails
  1562 | D:3      | Reached XP level 6. HP: 48/56 MP: 5/5
  1674 | D:3      | You fall into a shaft and drop 2 floors!
  1674 | D:5      | Entered Level 5 of the Dungeon
  1698 | D:5      | Found a large runed translucent door.
  1714 | D:5      | Succumbed to a scorpion's poison

Illustrated notes

Levels and vault maps discovered:
D:1:      mrwooster_arrival_statue_3, layout_basic, serial_shops, shop
D:2:      layout_loops_ring, serial_shops, shop
D:3:      layout_basic, nicolae_wu_jian_immortal_techniques,
          mainiacjoe_overflow_boulevard, minmay_misc_feat_iff, uniq_sigmund,
          uniq_crazy_yiuf_cottage
D:5:      layout_basic, minmay_temple_entry_crystal_x,
          gup_ossuary_entry_pyramid, ebering_ghost_disaster_area,
          minmay_ruined_shrine

Skill      XL: |  1  2  3  4  5 |
---------------+----------------+-----
Maces & Flails | 4 5 6 |  6.0
Fighting       | 4 5 |  5.0
Armour         | 3 4 |  4.2
Dodging        | 3 |  3.1

Action                     |  1- 3 |  4- 6 || total
---------------------------+-------+-------++-------
  Melee: Mace              |    56 |    43 ||    99
         Headbutt          |     4 |     9 ||    13
 Armour: Plate armour      |    35 |    44 ||    79
         Animal skin       |    15 |       ||    15
  Dodge: Dodged            |    39 |    16 ||    55
